 Dungeon Sprint DCSS version 0.31-a0-544-gceb718ecc6 (webtiles) character file.

Game seed: 8259826258442257707

5954 rocky1 the Black Belt (level 10, -2/74 HPs)
             Began as an Octopode Shapeshifter on Aug 16, 2023.
             Was an Initiate of Gozag.
             Slain by a catoblepas (8 damage)
             ... while petrified by a catoblepas
             ... in the Dungeon (Sprint IX: "|||||||||||||||||||||||||||||").
             The game lasted 00:04:32 (1972 turns).

rocky1 the Black Belt (Octopode Shapeshifter)       Turns: 1972, Time: 00:04:33

Health: -2/74      AC:  1    Str: 15    XL:     10   Next: 84%
Magic:  10/10      EV:  2    Int: 14    God:    Gozag
Gold:   1267       SH:  0    Dex: 19    Spells: 9/9 levels left

rFire   . .          .
                       - Unarmed
rCold   . . .        (no shield)
rNeg    + + +        (helmet currently unavailable)
rPois   ∞            (no amulet)
rElec   .            n - +3 ring of intelligence
rCorr   .            m - +3 ring of dexterity
SInv    .            (no ring)
Will    .....        (no ring)
Stlth   +++++        (no ring)
HPRegen 0.32/turn    (no ring)
MPRegen 0.12/turn    (no ring)
                     (no ring)

%: no teleportation
@: beast-form, petrified, gold aura
A: beast (slay +4), almost no armour, amphibious, 8 rings, camouflage 1,
gelatinous body 1, (nimble swimmer 1), tentacles
a: Begin Untransformation, Renounce Religion, Potion Petition, Call Merchant,
Bribe Branch


You were in the Dungeon.
You worshipped Gozag.
Gozag was most pleased with you.
You were a hulking beast.
You visited 1 branch You collected 2025 gold pieces.
You paid 758 gold pieces to Gozag.

Inventory:

Hand Weapons
 e - a +3 scimitar of flaming
Jewellery
 m - a +3 ring of dexterity (right tentacle)
 n - a +3 ring of intelligence (left tentacle)
Talismans
 b - a beast talisman (active)
 c - a flux talisman
Scrolls
 i - a scroll of blinking
 k - 2 scrolls of amnesia
 q - a scroll of immolation
 r - a scroll of fog
 s - a scroll of identify
 t - a scroll of fear
Potions
 a - a potion of lignification
 d - 3 potions of curing
 f - a potion of haste
 g - 4 potions of magic
 h - a potion of might
 p - a potion of mutation


   Skills:
 * Level 9.1 Fighting
 + Level 9.3 Dodging
 + Level 7.3 Stealth
 + Level 15.7 Unarmed Combat
 - Level 1.3 Evocations
 + Level 12.9 Shapeshifting


You had 9 spell levels left.
You didn't know any spells.
Your spell library was empty.

Dungeon Overview and Level Annotations

Branches:
Dungeon (1/1)

Altars:
Cheibriados
Dithmenos
Elyvilon
Fedhas
Gozag
Hepliaklqana
Kikubaaqudgha
Makhleb
Nemelex Xobeh
Okawaru
Qazlal
Ru
Sif Muna
Trog
Uskayaw
Vehumet
Wu Jian
Xom
Yredelemnul
Zin
The Shining One
Jiyva
Lugonu


Innate Abilities, Weirdness & Mutations

You are a hulking beast.
Your limbs bulge with bestial killing power. (Slay +4)
You are immune to poison.
You cannot wear most types of armour.
You are amphibious.
You can wear up to eight rings at the same time.
Your skin changes colour to match your surroundings (Stealth+).
Your rubbery body absorbs attacks. (AC +1, EV +1)
((You are camouflaged when in or above water. (Stealth+)))
You have tentacles for arms and can constrict up to eight enemies at once.


Message History

The cane toad is moving more slowly.
The cane toad stings you!!
* * * LOW HITPOINT WARNING * * *
You are engulfed in calcifying dust.
The cane toad is engulfed in calcifying dust.
The cane toad stops moving altogether!
You turn to flesh and can move again.
You feel better.
You are engulfed in calcifying dust.
The cane toad is engulfed in calcifying dust. x2
Unknown command.
The helpless cane toad fails to defend itself.
You thrash the cane toad!!!
You kill the cane toad!
You are engulfed in calcifying dust.
You are slowing down.
You feel better.
You are engulfed in calcifying dust.
The eight-headed hydra is distracted by your dazzling golden aura.
The catoblepas misses you.
Your limbs are stiffening.
Unknown command.
Blink to where?
Press: ? - help, Dir - move target
Okay, then.
Okay, then.
Okay, then. [a] - 336 gold - brilliance and magic [b] - 120 gold - heal wounds [c] - 598 gold - resistance, heal wounds and magic Purchase which effect?
You feel much better. The catoblepas gores you!!
* * * LOW HITPOINT WARNING * * *
You have turned to stone.
The catoblepas gores you!
* * * LOW HITPOINT WARNING * * *
The elephant is distracted by your dazzling golden aura.
The catoblepas completely misses you. The catoblepas gores you!
* * * LOW HITPOINT WARNING * * *
The eight-headed hydra is no longer distracted by gold.
The catoblepas gores you!
You die...
Your body crumbles into a pile of gold.

▓_▓.▓Y▓
▓_▓.▓B▓
▓_▓.▓D▓
▓_▓.▓.▓
▓_▓.▓Y▓
▓_▓.▓F▓
▓_▓.▓S▓
▓_▓.▓Y▓
▓_▓.▓h▓
▓_▓.▓.▓
▓_▓.▓.▓
▓_▓.▓.▓
▓_▓.▓.▓
▓_▓.▓.▓
▓_▓.▓.▓
▓_▓.▓'▓
▓_▓.▓.▓


You could see a catoblepas, a boulder beetle, an eight-headed hydra (wandering),
an elephant (unaware), a cane toad and a water moccasin.

Vanquished Creatures
  A centaur warrior (D)
  Erica (D)
  2 two-headed ogres (D)
  A death yak (D)
  An ugly thing (D)
  A black mamba (D)
  An unseen horror (D)
  2 cane toads (D)
  A rime drake (D)
  A komodo dragon (D)
  A blink frog (D)
  A vampire (D)
  2 wraiths (D)
  An acid dragon (D)
  A water moccasin (D)
  A wolf (D)
  A phantom (D)
  A bullfrog (D)
  A gnoll sergeant (D)
  2 orc wizards (D)
  A gnoll (D)
  An adder (D)
  A white imp (D)
  An orc (D)
  A goblin (D)
  A hobgoblin (D)
  A quokka (D)
  A frilled lizard (D)
  A kobold (D)
33 creatures vanquished.

Notes
Turn   | Place    | Note
-------+----------+-------------------------------------------
     0 | D        | rocky1 the Octopode Shapeshifter began the quest for the
                  | Orb.
     0 | D        | Reached XP level 1. HP: 13/13 MP: 1/1
   119 | D        | Noticed a phantom
   127 | D        | Killed a phantom
   128 | D        | Reached skill level 5 in Unarmed Combat
   128 | D        | Reached XP level 2. HP: 5/18 MP: 2/2
   128 | D        | Reached XP level 3. HP: 7/23 MP: 3/3
   128 | D        | Reached XP level 4. HP: 8/28 MP: 4/4
   398 | D        | Found a snail-covered altar of Cheibriados.
   398 | D        | Found a shadowy altar of Dithmenos.
   398 | D        | Found a white marble altar of Elyvilon.
   398 | D        | Found a blossoming altar of Fedhas.
   398 | D        | Found an opulent altar of Gozag.
   399 | D        | Found a hazy altar of Hepliaklqana.
   400 | D        | Found a viscous altar of Jiyva.
   401 | D        | Found an ancient bone altar of Kikubaaqudgha.
   402 | D        | Found a corrupted altar of Lugonu.
   403 | D        | Found a burning altar of Makhleb.
   406 | D        | Found a sparkling altar of Nemelex Xobeh.
   407 | D        | Found an iron altar of Okawaru.
   408 | D        | Became a worshipper of Gozag Ym Sagoz the Greedy
   409 | D        | Found a stormy altar of Qazlal.
   410 | D        | Found a sacrificial altar of Ru.
   411 | D        | Found a shimmering blue altar of Sif Muna.
   412 | D        | Found a bloodstained altar of Trog.
   413 | D        | Found a hide-covered altar of Uskayaw.
   414 | D        | Found a radiant altar of Vehumet.
   415 | D        | Found an ornate altar of the Wu Jian Council.
   416 | D        | Found a shimmering altar of Xom.
   417 | D        | Found a basalt altar of Yredelemnul.
   418 | D        | Found a glowing silver altar of Zin.
   419 | D        | Found a glowing golden altar of the Shining One.
   445 | D        | Noticed an acid dragon
   445 | D        | Noticed a two-headed ogre
   445 | D        | Noticed a vampire
   445 | D        | Noticed a two-headed ogre
   451 | D        | Killed a vampire
   452 | D        | Reached skill level 1 in Stealth
   452 | D        | Reached skill level 7 in Unarmed Combat
   452 | D        | Reached skill level 1 in Evocations
   452 | D        | Reached XP level 5. HP: 13/33 MP: 5/5
   452 | D        | Reached XP level 6. HP: 16/38 MP: 6/6
   452 | D        | Killed a two-headed ogre
   453 | D        | Reached skill level 5 in Dodging
   453 | D        | Reached skill level 10 in Unarmed Combat
   453 | D        | Reached skill level 10 in Shapeshifting
   453 | D        | Reached XP level 7. HP: 19/45 MP: 7/7
   457 | D        | Killed a two-headed ogre
   458 | D        | Reached skill level 11 in Unarmed Combat
   458 | D        | Reached XP level 8. HP: 17/54 MP: 8/8
   464 | D        | Killed an unseen horror
   469 | D        | Reached skill level 5 in Fighting
   469 | D        | Reached XP level 9. HP: 20/61 MP: 9/9
   715 | D        | Noticed a centaur warrior
   715 | D        | Noticed a white ugly thing
   721 | D        | Killed a white ugly thing
   722 | D        | Reached skill level 12 in Unarmed Combat
   732 | D        | Killed a centaur warrior
   733 | D        | Reached skill level 13 in Unarmed Combat
   968 | D        | Noticed Erica
   978 | D        | Killed Erica
   979 | D        | Reached skill level 14 in Unarmed Combat
   979 | D        | Reached XP level 10. HP: 24/71 MP: 10/10
  1230 | D        | Noticed a cane toad
  1238 | D        | Noticed a black mamba
  1239 | D        | Reached skill level 5 in Stealth
  1240 | D        | Noticed a death yak
  1642 | D        | Killed a cane toad
  1643 | D        | Reached skill level 15 in Unarmed Combat
  1646 | D        | Killed a black mamba
  1653 | D        | Killed a death yak
  1949 | D        | Noticed an elephant
  1949 | D        | Noticed a cane toad
  1949 | D        | Noticed a boulder beetle
  1949 | D        | Noticed a catoblepas
  1949 | D        | Noticed a cane toad
  1962 | D        | Noticed an eight-headed hydra
  1966 | D        | Killed a cane toad
  1972 | D        | Slain by a catoblepas

Illustrated notes

Levels and vault maps discovered:
D:        linesprint [early_d, line_temple, items_1, d_10, items_2, lair_1,
          lair_end, items_3, orc_1, orc_end, items_4, d_15, swamp_1, shoals_1,
          snake_1, spider_1, d_20, vaults_1, items_5, swamp_end, shoals_end,
          snake_end, spider_end, vaults_end, d_27, items_6, zot_1, zot_end,
          crypt_end, forest_end, elf_end, slime_end, tomb_end, abyss_end,
          pan_hell_end]

Skill      XL: |  1  2  3  4  5  6  7  8  9 10 |
---------------+-------------------------------+-----
Shapeshifting  | 6 8 10 11 12 | 12.9
Unarmed Combat | 5 7 10 11 14 15 | 15.7
Dodging        | 4 5 6 8 9 |  9.3
Stealth        | 1 3 4 7 |  7.3
Evocations     | 1 |  1.3
Fighting       | 2 4 5 7 9 |  9.1

Action                     |  1- 3 |  4- 6 |  7- 9 | 10-12 || total
---------------------------+-------+-------+-------+-------++-------
  Melee: Unarmed           |    16 |    10 |    33 |    36 ||    95
         Tentacles         |     4 |     3 |    10 |    12 ||    29
         Constrict         |     3 |     2 |     2 |     5 ||    12
         Punch             |     2 |     1 |     1 |     5 ||     9
 Invoke: Potion Petition   |       |       |     1 |     1 ||     2
  Evoke: Wand              |       |     5 |     5 |       ||    10
    Use: Scroll            |       |     1 |       |     2 ||     3
         Potion            |       |       |     4 |     7 ||    11
   Stab: Invisible         |       |       |       |     2 ||     2
         Distracted        |       |       |       |     1 ||     1
         Petrified         |       |       |       |     1 ||     1
         Sleeping          |       |       |       |     1 ||     1
 Armour: Skin              |     2 |       |     1 |       ||     3
  Dodge: Dodged            |     7 |     6 |    18 |    15 ||    46

Table legend: (Time is in decaauts)
 A = Elapsed time spent in this place.
 B = Non-inter-level travel time spent in this place.
 C = Inter-level travel time spent in this place.
 D = Time resting spent in this place.
 E = Time spent auto-exploring this place.
 F = Levels seen in this place.
 G = Mean time per level.
                   A        B        C        D        E       F      G
               +--------+--------+--------+--------+--------+-----+--------+
         Total |   1955 |   1955 |      0 |   1567 |      0 |   1 | 1955.0 |
       Dungeon |   1955 |   1955 |      0 |   1567 |      0 |   1 | 1955.0 |
               +--------+--------+--------+--------+--------+-----+--------+

Top non-repeatable levels by time:
       D: 1955 daAuts
